 Dungeon Crawl Stone Soup version 0.17.1-3-g152610e (webtiles) character file.

539 inmateoo the Chopper (level 7, -2/47 HPs)
             Began as a High Elf Fighter on Feb 22, 2016.
             Splashed by a jelly's acid (9 damage)
             ... on level 5 of the Dungeon.
             The game lasted 00:04:43 (4174 turns).

inmateoo the Chopper (High Elf Fighter)             Turns: 4174, Time: 00:04:44

Health: -2/47      AC: -1    Str: 19    XL:     7   Next: 5%
Magic:  8/8        EV:  7    Int: 11    God:
Gold:   242        SH:  9    Dex: 16    Spells: 0 memorised, 6 levels left

rFire  . . .     SeeInvis .     a - +0 war axe
rCold  . . .     Clarity  .     b - +0 scale mail
rNeg   . . .     SustAt   .     c - +0 shield
rPois  .         Gourm    .     (no helmet)
rElec  .         Spirit   .     (no cloak)
rCorr  .         Warding  .     (no gloves)
rMut   .         Stasis   .     (no boots)
MR     .....                    (no amulet)
Stlth  ..........               (no ring)
                                (no ring)

@: corroded equipment, not resistant to hostile enchantments, extremely
unstealthy
A: strong 1
a: no special abilities


You were on level 5 of the Dungeon.
You were not hungry.

You visited 1 branch of the dungeon, and saw 5 of its levels.

You collected 242 gold pieces.

Inventory:

Hand Weapons
 a - a +0 war axe (weapon)
Armour
 b - a +0 scale mail (worn)
 c - a +0 shield (worn)
Wands
 f - a wand of cold (9)
 o - a wand of digging (8)
Scrolls
 i - a scroll of recharging {unknown}
 j - 3 scrolls of teleportation {unknown}
 k - 2 scrolls of blinking {unknown}
 m - a scroll of remove curse {unknown}
 p - a scroll of noise {unknown}
 r - a scroll of fear {unknown}
 t - a scroll of enchant weapon {unknown}
 y - 3 scrolls of magic mapping {unknown}
Potions
 d - a potion of might
 h - a potion of cure mutation
 l - 2 potions of brilliance
 n - 2 potions of heal wounds
 w - a potion of berserk rage
Comestibles
 q - a meat ration
 s - 5 bread rations
 x - 5 fruits
 z - a beef jerky


   Skills:
 + Level 3.9 Fighting
 * Level 6.0 Axes
 - Level 2.6 Armour
 - Level 2.6 Shields


You had 6 spell levels left.
You didn't know any spells.

Dungeon Overview and Level Annotations

Branches:
Dungeon (5/15)
 Temple: D:4-7

Altars:
Nemelex Xobeh
Qazlal


Innate Abilities, Weirdness & Mutations

Your muscles are strong. (Str +2)


Message History

The jelly is moderately wounded.
The jelly hits you.
You are splashed with acid!
The acid corrodes you!
The acid burns!
You hit the jelly but do no damage.
Your hands burn!
The jelly is moderately wounded.
You block the jelly's attack.
You slash the jelly!
Your hands burn!
The jelly is severely wounded.
The jelly barely misses you. You block the jelly's attack.
You hit the jelly.
Your hands burn!
* * * LOW HITPOINT WARNING * * *
The jelly is severely wounded.
You block the jelly's attack.
You hit the jelly.
Your hands burn!
* * * LOW HITPOINT WARNING * * *
The jelly is almost dead.
The jelly hits you.
* * * LOW HITPOINT WARNING * * *
You are splashed with acid!
The acid corrodes you!
The acid burns!
You die...

.# .........#
.... ........#.
#... ..........
.
#..###.........
..#..........!.#
..............#
............#
.........@J#
#......<..##
##..........#
............)..
...<..........#
...............#
..........#....#
#...............
###...........#


You could see a jelly.

Vanquished Creatures
  Blork the orc (D:4)
  2 hounds (D:4)
  A crimson imp (D:4)
  An orc priest (D:3)
  A centaur skeleton (D:4)
  An iguana (D:4)
  An orc wizard (D:3)
  2 worker ants (D:4)
  Robin (D:2)
  8 adders
  4 gnolls (D:4)
  A white imp (D:4)
  3 worms
  3 orcs (D:3)
  4 giant cockroaches
  15 goblins
  12 hobgoblins
  7 kobolds
  A quokka (D:4)
  2 ball pythons
  4 bats
  A giant gecko skeleton (D:4)
  2 giant newts
  11 jackals
  9 rats
98 creatures vanquished.

Notes
Turn   | Place    | Note
--------------------------------------------------------------
     0 | D:1      | inmateoo the High Elf Fighter began the quest for the Orb.
     0 | D:1      | Reached XP level 1. HP: 16/16 MP: 2/2
   105 | D:1      | Reached XP level 2. HP: 21/21 MP: 3/3
   531 | D:2      | Reached XP level 3. HP: 26/26 MP: 4/4
   907 | D:2      | Noticed Robin
   917 | D:2      | Reached XP level 4. HP: 16/31 MP: 5/5
   933 | D:2      | Killed Robin
  1306 | D:2      | Found a stormy altar of Qazlal.
  1505 | D:3      | Reached skill level 4 in Axes
  1775 | D:3      | Reached XP level 5. HP: 22/36 MP: 6/6
  1919 | D:3      | Found a sparkling altar of Nemelex Xobeh.
  2321 | D:4      | Reached skill level 5 in Axes
  2502 | D:4      | Noticed Blork the orc
  2753 | D:4      | Killed Blork the orc
  2753 | D:4      | Reached XP level 6. HP: 19/42 MP: 7/7
  3996 | D:4      | Reached skill level 6 in Axes
  3996 | D:4      | Reached XP level 7. HP: 44/47 MP: 8/8
  4159 | D:4      | Gained mutation: You are frail (-10% HP). [potion of mutation]
  4159 | D:4      | Lost mutation: You are frail (-10% HP). [potion of mutation]
  4159 | D:4      | Gained mutation: Your muscles are strong. (Str +2) [potion of mutation]
  4165 | D:5      | Entered Level 5 of the Dungeon
  4174 | D:5      | Splashed by a jelly's acid

Action                   |  1- 3 |  4- 6 |  7- 9 || total
-------------------------+-------+-------+-------++-------
Melee: War axe           |    87 |   194 |    11 ||   292
  Use: Potion            |       |     2 |     1 ||     3
       Scroll            |       |       |     7 ||     7
  Eat: Chunk             |       |     6 |       ||     6
       Bread ration      |       |     1 |       ||     1
